 Dungeon Crawl Stone Soup version 0.30-a0-390-g80c34de65d (webtiles) character file.

Game seed: 12275017744731118208

2708444 CrazyBamboolord the Slayer (level 27, 3/249 HPs)
             Began as a Barachi Hunter on June 27, 2022.
             Was a High Priest of Ashenzari.
             Escaped with the Orb
             ... and 5 runes on Dec 4, 2022!
             The game lasted 05:13:41 (90162 turns).

CrazyBamboolord the Slayer (Barachi Hunter)        Turns: 90162, Time: 05:13:41

Health: 3/249      AC: 34    Str: 17    XL:     27
Magic:  23/23      EV: 43    Int: 10    God:    Ashenzari [*****.]
Gold:   3834       SH:  5    Dex: 34    Spells: 26/26 levels left

rFire   . . .      SeeInvis +    m - +3 longbow of the Chained Doubts {vorpal, Evo, Cun} (curse)
rCold   + . .      Faith    .    (shield currently unavailable)
rNeg    + . .      Spirit   .    j - quicksilver dragon scales of the Pangnostic Prison {Will+, Evo, Cun} (curse)
rPois   +          Reflect  +    l - +0 helmet "I Foresaw This" {rPois rC+ Will+, Cun, Fort} (curse)
rElec   .          Harm     .    I - +2 cloak of Ashenzari's Prison {rCorr, Range, Fort} (curse)
rCorr   +          Rampage  .    O - +2 pair of gloves "Omission of Ashenzari" {Str+3, Self, Bglg} (curse)
Will    ++++.      Clarity  +    u - +2 pair of boots "Gaze Upon Infinity" {Stlth+, Range, Elem} (curse)
Stlth   ++++......               F - amulet "Bound Fetters" {Reflect SH+5, Fort, Range} (curse)
HPRegen 0.61/turn                S - ring of positive energy
MPRegen 0.18/turn                E - ring "Irritation of Ashenzari" {Dex+6 Stlth+, Comp, Fort} (curse)

@: unable to hop, slow
A: amphibious, slowness 1, strong legs 2, +LOS, berserk 1, MP-powered wands
0: Orb of Zot
}: 5/15 runes: decaying, serpentine, slimy, silver, abyssal
a: Hop, Renounce Religion, Curse Item, Shatter the Chains


You escaped.
You worshipped Ashenzari.
Ashenzari was extremely pleased with you.
You visited 14 branches of the dungeon, and saw 58 of its levels.
You visited the Abyss 1 time.
You also visited: Ossuary and Wizlab.

You collected 7433 gold pieces.
You spent 3599 gold pieces at shops.

Inventory:

Hand Weapons
 m - the cursed +3 longbow of the Chained Doubts (weapon) {vorpal, Evo, Cun}
   (You took it off a centaur warrior on level 14 of the Dungeon)

   Any ammunition fired from it inflicts extra damage upon your enemies.
   It has a curse which improves the following skills: Evocations: Evocations.
   Cunning:   Dodging and Stealth.
 V - a +9 arbalest
Missiles
 J - a throwing net
Armour
 j - the cursed quicksilver dragon scales of the Pangnostic Prison (worn) {Will+, Evo, Cun}
   (You found it on level 1 of the Depths)

   Will:      It increases your willpower.
   It has a curse which improves the following skills: Evocations: Evocations.
   Cunning:   Dodging and Stealth.
 l - the cursed +0 helmet "I Foresaw This" (worn) {rPois rC+ Will+, Cun, Fort}
   (You took it off Robin on level 1 of the Dungeon)

   rC:        It protects you from cold.
   rPois:     It protects you from poison.
   Will:      It increases your willpower.
   It has a curse which improves the following skills: Cunning: Dodging and
   Stealth.
   Fortitude: Armour and Shields.
 u - the cursed +2 pair of boots "Gaze Upon Infinity" (worn) {Stlth+, Range, Elem}
   (You found it on level 2 of the Depths)

   It has a curse which improves the following skills: Ranged Combat: Ranged
   Weapons and Throwing.
   Elements:  Fire Magic, Ice Magic, Air Magic and Earth Magic.
 x - a +1 pair of gloves of infusion
 A - +10 storm dragon scales
 I - the cursed +2 cloak of Ashenzari's Prison (worn) {rCorr, Range, Fort}
   (You bought it in a shop on level 7 of the Dungeon)

   It has a curse which improves the following skills: Ranged Combat: Ranged
   Weapons and Throwing.
   Fortitude: Armour and Shields.
 O - the cursed +2 pair of gloves "Omission of Ashenzari" (worn) {Str+3, Self, Bglg}
   (You found it on level 5 of the Vaults)

   It has a curse which improves the following skills: Introspection: Fighting
   and Spellcasting.
   Beguiling: Conjurations, Hexes and Translocations.
Jewellery
 t - the ring of Beplac {rC+++ Will+ rCorr Int-2 Dex+2}
   (You found it on level 5 of the Pits of Slime)

   [ring of willpower]

   Int:       It affects your intelligence (-2).
   Dex:       It affects your dexterity (+2).
   rC:        It renders you almost immune to cold.
   rCorr:     It protects you from acid and corrosion.
   Will:      It increases your willpower.
 y - a ring of protection from fire
 D - the ring "Nyiwaimp" {rElec Int+6}
   (You found it on level 6 of the Dungeon)

   [ring of intelligence]

   Int:       It affects your intelligence (+6).
   rElec:     It insulates you from electricity.
 E - the cursed ring "Irritation of Ashenzari" (right hand) {Dex+6 Stlth+, Comp, Fort}
   (You took it off a deep elf zephyrmancer on level 3 of the Elven Halls)

   [ring of dexterity]

   Dex:       It affects your dexterity (+6).
   Stlth:     It makes you more stealthy.
   It has a curse which improves the following skills: Companions: Summonings
   and Necromancy.
   Fortitude: Armour and Shields.
 F - the cursed amulet "Bound Fetters" (around neck) {Reflect SH+5, Fort, Range}
   (You found it on level 3 of the Lair of Beasts)

   [amulet of reflection]

   It reflects blocked missile attacks.
   SH:        It affects your SH (+5).
   It has a curse which improves the following skills: Fortitude: Armour and
   Shields.
   Ranged Combat: Ranged Weapons and Throwing.
 S - a ring of positive energy (left hand)
Wands
 k - a wand of polymorph (44)
 n - a wand of roots (55)
 r - a wand of digging (11)
 s - a wand of iceblast (3)
 C - a wand of mindburst (67)
 H - a wand of acid (44)
 L - a wand of charming (45)
Scrolls
 b - 17 scrolls of immolation
 g - 17 scrolls of fear
 i - 4 scrolls of fog
 p - 9 scrolls of butterflies
 v - 12 scrolls of teleportation
 z - 4 scrolls of summoning
 B - 7 scrolls of silence
 G - 8 scrolls of magic mapping
 T - 5 scrolls of amnesia
 Z - 8 scrolls of poison
Potions
 a - 4 potions of invisibility
 c - 11 potions of ambrosia
 e - 10 potions of lignification
 h - 7 potions of resistance
 o - 6 potions of cancellation
 q - 3 potions of haste
 w - 6 potions of mutation
 R - 5 potions of berserk rage
 U - 9 potions of might
 W - 8 potions of magic
 Y - 3 potions of brilliance
Miscellaneous
 d - a lightning rod (4/4)
 f - a tin of tremorstones (inert)
 N - a box of beasts (inert)
 P - a condenser vane (inert)
 Q - a phial of floods
 X - the horn of Geryon (inert)


   Skills:
 - Level 26.0(27) Fighting
 - Level 6.8 Long Blades
 - Level 6.2(7.4) Maces & Flails
 - Level 5.6(6.7) Polearms
 - Level 6.1(8.4) Staves
 - Level 23.9(27) Ranged Weapons
 - Level 22.0(27) Armour
 - Level 23.2(27) Dodging
 * Level 19.9(24.0) Stealth
 - Level 9.3(14.8) Shields
 - Level 24.0(27) Evocations


You had 26 spell levels left.
You didn't know any spells.
Your spell library contained the following spells:

 Spells                   Type           Power      Damage    Failure   Level
 Apportation              Tloc           0%         N/A       38%         1
 Freeze                   Ice            0%         1d3       38%         1
 Necrotise                Necr           0%         1d4       38%         1
 Sandblast                Erth           0%         2d4       38%         1
 Shock                    Conj/Air       0%         1d3       38%         1
 Summon Small Mammal      Summ           0%         N/A       38%         1
 Sting                    Tmut/Pois      0%         1d3       43%         1
 Blink                    Tloc           0%         N/A       54%         2
 Cigotuvi's Dreadful Rot  Necr/Pois/Air  0%         N/A       54%         2
 Static Discharge         Conj/Air       0%         2-2/arc   54%         2
 Sublimation of Blood     Necr           0%         N/A       54%         2
 Passwall                 Tmut/Erth      0%         N/A       56%         2
 Poisonous Vapours        Pois/Air       0%         N/A       56%         2
 Wereblood                Tmut           0%         N/A       58%         2
 Call Canine Familiar     Summ           0%         N/A       77%         3
 Dazzling Flash           Conj/Hex       0%         N/A       77%         3
 Frozen Ramparts          Ice            0%         1d1       77%         3
 Hailstorm                Conj/Ice       0%         3d3       77%         3
 Inner Flame              Hex/Fire       0%         N/A       77%         3
 Ozocubu's Armour         Ice            0%         N/A       77%         3
 Portal Projectile        Hex/Tloc       0%         N/A       77%         3
 Stone Arrow              Conj/Erth      0%         3d7       77%         3
 Summon Guardian Golem    Hex/Summ       0%         N/A       77%         3
 Swiftness                Air            0%         N/A       77%         3
 Tukima's Dance           Hex            0%         N/A       77%         3
 Mephitic Cloud           Conj/Pois/Air  0%         N/A       78%         3
 Ignite Poison            Fire/Tmut/Pois 0%         N/A       80%         3
 Airstrike                Air            0%         2d(0-16)  99%         4
 Anguish                  Hex/Necr       0%         N/A       99%         4
 Animate Armour           Summ/Erth      0%         N/A       99%         4
 Animate Dead             Necr           0%         N/A       99%         4
 Dispel Undead            Necr           0%         3d6       99%         4
 Leda's Liquefaction      Hex/Erth       0%         N/A       99%         4
 Manifold Assault         Tloc           0%         N/A       99%         4
 Olgreb's Toxic Radiance  Pois           0%         N/A       99%         4
 Passage of Golubria      Tloc           0%         N/A       99%         4
 Sticky Flame             Conj/Fire      0%         2d3       99%         4
 Summon Lightning Spire   Summ/Air       0%         N/A       99%         4
 Agony                    Necr           0%         N/A       100%        5
 Alistair's Intoxication  Tmut/Pois      0%         N/A       100%        5
 Arcjolt                  Conj/Air       0%         1d10      100%        5
 Blade Hands              Tmut           0%         N/A       100%        5
 Borgnjor's Vile Clutch   Necr/Erth      0%         N/A       100%        5
 Fireball                 Conj/Fire      0%         3d3       100%        5
 Freezing Cloud           Conj/Ice/Air   0%         6-21      100%        5
 Lee's Rapid Deconstruct  Erth           0%         3d4*      100%        5
 Lightning Bolt           Conj/Air       0%         1d11      100%        5
 Metabolic Englaciation   Hex/Ice        0%         N/A       100%        5
 Summon Forest            Summ/Tloc      0%         N/A       100%        5
 Yara's Violent Unravell  Hex/Tmut       0%         3d3       100%        5
 Conjure Ball Lightning   Conj/Air       0%         3x3d7     100%        6
 Death Channel            Necr           0%         N/A       100%        6
 Dispersal                Tloc           0%         N/A       100%        6
 Eringya's Noxious Bog    Tmut/Pois      0%         N/A       100%        6
 Iron Shot                Conj/Erth      0%         9d1       100%        6
 Simulacrum               Ice/Necr       0%         N/A       100%        6
 Statue Form              Tmut/Erth      0%         N/A       100%        6
 Haunt                    Necr/Summ      0%         N/A       100%        7
 Malign Gateway           Summ/Tloc      0%         N/A       100%        7
 Storm Form               Tmut/Air       0%         N/A       100%        7
 Summon Hydra             Summ           0%         N/A       100%        7
 Discord                  Hex            0%         N/A       100%        8
 Disjunction              Tloc           0%         N/A       100%        8
 Ignition                 Fire           0%         3d3       100%        8
 Infestation              Necr           0%         N/A       100%        8
 Lehudib's Crystal Spear  Conj/Erth      0%         10d2      100%        8
 Chain Lightning          Conj/Air       0%         N/A       100%        9


Dungeon Overview and Level Annotations

Branches:
Dungeon (15/15)            Temple (1/1) D:5            Lair (5/6) D:8
  Swamp (4/4) Lair:4        Snake (4/4) Lair:4        Slime (5/5) Lair:5
    Orc (2/2) D:12            Elf (3/3) Orc:2        Vaults (5/5) D:14
  Crypt (3/3) Vaults:2     Depths (4/4) D:15           Hell (visited)
    Dis (0/7) Hell            Geh (0/7) Hell            Coc (1/7) Hell
    Tar (0/7) Hell            Zot (5/5) Depths:4    Ossuary (visited)
 WizLab (visited)
   Tomb: Crypt:3

Altars:
Ashenzari
Cheibriados
Dithmenos
Elyvilon
Gozag
Hepliaklqana
Kikubaaqudgha
Makhleb
Nemelex Xobeh
Okawaru
Qazlal
Ru
Sif Muna
Trog
Uskayaw
Vehumet
Wu Jian
Xom
Yredelemnul
Zin
The Shining One
Jiyva

Shops:
D:4 (   D:7 [   Orc:2 =[=?   Elf:1 (   Elf:3 (**   Snake:4 (   Vaults:1 (
Vaults:2 [   Vaults:3 *   Depths:2 *

Portals:
Hell: Depths:1 Depths:2 Depths:3 Depths:4
Abyss: Depths:3
Pandemonium: Depths:2
Ziggurat: Depths:1

Annotations:
D:8 1 transporter
Crypt:3 Khufu


Innate Abilities, Weirdness & Mutations

You are amphibious.
You cover ground slowly.
You can hop long distances.
You have an extended range of vision and can be seen from far away.
You sometimes lose your temper in combat.
You expend magic power (3 MP) to strengthen your wands.


Message History

Aim: a Hell Sentinel (severely wounded, 92% to hit)
You shoot an arrow.
The arrow hits the Hell Sentinel but does no damage.
The Hell Sentinel is severely wounded.
The Hell Sentinel gestures at you.
The sphere of damnation explodes!
The damnation engulfs you!!!
* * * LOW HITPOINT WARNING * * *
The damnation engulfs the Hell Sentinel.
The Hell Sentinel completely resists.
You feel better. The Hell Sentinel misses you. x2
You feel better. The Hell Sentinel gestures at you.
The sphere of damnation explodes!
The damnation engulfs you!!!
* * * LOW HITPOINT WARNING * * *
The damnation engulfs the Hell Sentinel.
The Hell Sentinel completely resists.
You feel better.
The Hell Sentinel completely misses you.
The Hell Sentinel hits you but does no damage.
Fire: m) +3 longbow of the Chained Doubts {vorpal, Evo, Cun} (curse)
Press: ? - help, Shift-Dir - straight line, f/p - Hell Sentinel
Aim: a Hell Sentinel (severely wounded, 92% to hit)
You feel better. The Hell Sentinel gestures at you.
The sphere of damnation explodes!
The damnation engulfs you!!
* * * LOW HITPOINT WARNING * * *
The damnation engulfs the Hell Sentinel.
The Hell Sentinel completely resists.
Okay, then.
Hop to where?
Press: ? - help, Dir - move target, p - Hell Sentinel Boing!
You feel better. The Hell Sentinel gestures at you.
The sphere of damnation explodes!
The damnation engulfs you!!!
* * * LOW HITPOINT WARNING * * *
Blink to where?
Press: ? - help, Dir - move target
As you read the scroll of blinking, it crumbles to dust.
You have escaped!

....##..#####≈≈≈≈≈≈≈#####..## #.#
#####.### #≈≈≈.....≈≈§# ###.###.#
#.## #....(...§.§# ##.##.. ####.#
######(###### #.##.# ..#.######
####8'8#### #####.##.#
###.##≈..###.........###...##.#.#
#.#§≈..##.....).....##....#.#.#
###.#≈...#'............#...1#.#.#
....+≈...(8.....@...........'...#
###.#§...##.[..........#....#.###
#.#≈§..##.^.........##....#.#
#.##≈..###.........###...##.###
####.##### ###8#8'8### #####.##..
..##.# ######'###### #.###.
####.## #.........).# ##.# #. #
##.### #≈≈≈§.§§.≈§≈# ###.## #. #
##..#####§§≈§≈≈≈#####..## #.


There were no monsters in sight!

Vanquished Creatures
  the Royal Jelly (Slime:5)
  6 dread liches
  3 ancient liches
  4 orbs of fire
  2 juggernauts (Depths:4)
  Josephina (Crypt:2)
  The ghost of tailblues the Eclecticist, a veteran DgTm (Depths:1)
  4 Killer Klowns
  3 curse toes
  Bai Suzhen (Swamp:3)
  5 caustic shrikes
  Xtahua (Crypt:2)
  Geryon (Hell)
  Vashnia (Snake:3)
  A profane servitor (Abyss:3)
  12 golden dragons
  6 bone dragons
  3 doom hounds
  3 electric golems
  Jorgrun (Swamp:2)
  28 Orb Guardians
  2 Tzitzimimeh (Crypt:1)
  The ghost of Wyasic the Imperceptible, a veteran SpEn of Dithmenos (Vaults:3)
  The ghost of Wenn the Imperceptible, a veteran SpEn of Dithmenos (Vaults:4)
  14 tentacled monstrosities
  Mlioglotl (Snake:3)
  Asterion (Elf:1)
  Rupert (D:13)
  Grunn (Crypt:1)
  An Ice Fiend (Depths:1)
  2 deep elf blademasters (Elf:3)
  10 liches
  An acid blob (shapeshifter) (Vaults:5)
  2 deep elf master archers (Elf:3)
  5 quicksilver dragons
  7 titans
  25 acid blobs
  9 death cobs
  6 ancient champions
  6 sphinxes
  Agnes (D:14)
  4 tentacled starspawn (Abyss:3)
  8 tengu reavers
  14 shadow dragons
  A fenstrider witch (Swamp:4)
  Roxanne (Elf:3)
  A revenant (Vaults:2)
  Donald (Swamp:1)
  18 storm dragons
  19 rockslimes
  6 draconian knights
  8 fire giants
  5 draconian monks
  7 nagarajas
  6 deep elf sorcerers
  14 azure jellies
  2 juggernaut zombies
  5 iron dragons
  A nargun (Coc:1)
  11 frost giants
  A cacodemon (Abyss:3)
  A ghost moth (shapeshifter) (Vaults:5)
  Louise (Depths:3)
  15 vault wardens
  2 ghost moths
  8 draconian scorchers
  4 curse skulls
  2 ghouls (Crypt:1)
  A balrug (Hell)
  8 draconian stormcallers
  An angel (Depths:1)
  24 ironbound preservers
  5 reapers
  4 draconian annihilators
  4 orc warlords
  9 war gargoyles
  A caustic shrike skeleton (Crypt:2)
  22 very ugly things
  4 deep elf elementalists (Elf:3)
  5 draconian shifters
  2 demonspawn corrupters (Depths:4)
  7 spriggan defenders
  7 ironbound thunderhulks
  14 stone giants
  13 vampire knights
  17 quicksilver oozes
  An elemental wellspring (Coc:1)
  2 grey draconians (Depths:4)
  5 deep elf demonologists (Elf:3)
  4 starflowers (Abyss:3)
  3 lorocyprocas
  Nessos (D:13)
  7 yellow draconians
  3 bunyips
  9 dire elephants
  4 eleionomae
  10 green draconians
  6 spark wasps
  18 white draconians
  7 deep elf annihilators
  14 black draconians
  18 purple draconians
  5 deep elf death magi
  9 red draconians
  2 blizzard demons
  Snorg (D:11)
  3 green deaths
  5 eidola
  3 jiangshi
  13 ettins
  14 fire dragons
  12 great orbs of eyes
  4 mummy priests (WizLab)
  3 iron golems (Hell)
  A quicksilver dragon skeleton (Depths:2)
  12 yaktaur captains
  An entropy weaver (shapeshifter) (Depths:2)
  3 entropy weavers
  A quicksilver dragon zombie (Crypt:1)
  4 deep elf high priests
  8 spriggan air magi
  41 vault guards
  6 boulder beetles
  4 rakshasas
  Fannar (D:10)
  A kraken zombie (Hell)
  A juggernaut simulacrum (Coc:1)
  13 ice dragons
  A peacekeeper (Vaults:3)
  2 ghost crabs
  2 hell beasts (Hell)
  3 salamander tyrants (Snake:4)
  3 catoblepae
  16 centaur warriors
  An ice dragon (shapeshifter) (Vaults:5)
  8 ironbound frosthearts
  23 hydras
  2 ogre magi (D:14)
  6 anacondas
  6 two-headed ogres
  13 naga warriors
  6 alligators
  23 dancing weapons
  10 deep troll shamans
  5 deep troll earth magi
  2 titan zombies
  7 orc high priests
  2 tengu warriors
  6 hell hogs
  6 vampire magi
  6 thrashing horrors
  18 naga sharpshooters
  6 spriggan berserkers
  6 death yaks (Lair:4)
  8 shock serpents
  6 soul eaters
  19 deep elf knights
  A titan skeleton (Hell)
  A wretched star (Abyss:3)
  6 sun demons
  7 salamander mystics
  A fire crab (Swamp:4)
  14 hell knights
  A sixfirhy (Abyss:3)
  The ghost of capka3m the Thaumaturge, a novice MeEE (Lair:1)
  12 skeletal warriors
  12 iron trolls
  7 goliath frogs
  A ghost moth zombie (Crypt:2)
  A sea snake (Snake:2)
  3 spriggan druids
  2 tengu zombies
  4 spriggan simulacra
  8 flayed ghosts
  9 naga ritualists
  3 spark wasp zombies
  11 glowing orange brains
  12 swamp dragons
  66 deep trolls
  A shadow demon (Depths:4)
  9 deep elf archers
  2 anaconda skeletons (Hell)
  10 wizards
  9 harpies
  5 necromancers
  An obsidian statue (Vaults:3)
  5 bog bodies
  26 ironbound convokers
  31 deep elf pyromancers
  6 lindwurms
  8 orc knights
  2 shadow dragon zombies
  15 phantasmal warriors
  A sphinx zombie (WizLab)
  2 iron dragon zombies
  28 deep elf zephyrmancers
  4 orc sorcerers
  6 shining eyes
  A fire giant zombie (Depths:1)
  34 ugly things
  A stone giant zombie (Hell)
  A faun (shapeshifter) (Vaults:5)
  2 oklob plants (Lair:5)
  4 frost giant zombies
  4 will-o-the-wisps
  16 mana vipers
  5 elephants (Lair:5)
  5 cyclopes
  45 black mambas
  Maurice (D:13)
  6 rust devils (Depths:3)
  15 salamanders
  15 vault sentinels
  23 moths of wrath
  9 guardian serpents
  5 manticores
  11 smoke demons
  A stone giant skeleton (Depths:1)
  A demonspawn zombie (WizLab)
  3 eyes of devastation
  A torpor snail (Lair:4)
  14 cane toads
  20 naga magi
  3 orange demons (Abyss:3)
  2 spectral unseen horrors (D:7)
  A human zombie (WizLab)
  2 hellions
  3 molten gargoyles (Hell)
  8 spriggan zombies
  6 komodo dragons
  2 demonic crawlers
  2 kobold demonologists
  2 tormentors (Crypt:1)
  A freezing wraith (Vaults:3)
  12 yaktaurs
  A grey draconian zombie (Crypt:1)
  4 rime drakes
  2 guardian mummies (WizLab)
  6 ice devils
  A sea snake zombie (Hell)
  3 tengu conjurers
  2 efreet
  3 ancient zymes (Abyss:3)
  2 anaconda simulacra
  An unseen horror skeleton (D:7)
  A purple draconian skeleton (Crypt:3)
  2 hellwings
  A death yak skeleton (Crypt:2)
  A wind drake (shapeshifter) (Vaults:5)
  A meliai (shapeshifter) (Depths:1)
  2 meliai (Abyss:3)
  10 trolls
  11 large abominations (Abyss:3)
  A shadow dragon simulacrum (Crypt:2)
  A polar bear (shapeshifter) (Vaults:5)
  2 bloated husks
  A death drake zombie (Crypt:1)
  A harpy skeleton (Crypt:2)
  10 tyrant leeches
  3 polar bears
  2 death drake skeletons
  A guardian serpent zombie (Crypt:2)
  12 hornets
  A raiju (shapeshifter) (Vaults:5)
  11 blink frogs
  The ghost of WasteTime5 the Bolt Thrower, an amateur FoHu of Okawaru (D:7)
  129 slime creatures
  An alligator zombie (Hell)
  A jumping spider zombie (Crypt:2)
  An ettin zombie (Hell)
  4 raiju (Abyss:3)
  17 dream sheep
  A shadow (Abyss:3)
  A ynoxinul (Abyss:3)
  2 vampires (D:12)
  An alligator skeleton (Hell)
  6 flying skulls (Crypt:2)
  An air elemental (Elf:3)
  A black mamba skeleton (Crypt:1)
  9 wyverns
  8 water elementals
  17 spriggans
  8 wraiths
  4 fire elementals
  A human (D:14)
  62 yaks
  A yak (shapeshifter) (Depths:1)
  4 basilisks
  10 golden eyes
  4 redbacks
  2 chaos spawn (Depths:2)
  A redback (shapeshifter) (Vaults:5)
  A neqoxec (Abyss:1)
  Menkaure (Ossuary)
  2 steam dragons (Swamp:4)
  14 vampire mosquitoes
  47 nagas
  20 swamp worms
  2 glowing shapeshifter zombies (Hell)
  8 wargs
  14 water moccasins
  A deep troll skeleton (Hell)
  6 acid dragons
  2 floating eyes
  7 hell hounds
  Duvessa (D:6)
  10 swamp drakes
  30 orc warriors
  A cane toad skeleton (Crypt:3)
  3 ice beasts
  2 black bears
  A sky beast (D:7)
  12 wolves
  A snapping turtle zombie (Crypt:2)
  7 ogres
  17 boggarts
  A boggart (shapeshifter) (Vaults:5)
  17 centaurs
  A kobold brigand (D:8)
  A necrophage (D:6)
  9 bullfrogs
  2 earth elementals
  10 wights
  A scorpion (D:5)
  A wyvern skeleton (D:7)
  Dowan (D:6)
  A yak zombie (Crypt:1)
  A troll zombie (Crypt:3)
  A warg skeleton (Crypt:1)
  A shapeshifter skeleton (Crypt:3)
  3 electric eels
  5 howler monkeys
  2 lava snakes (Elf:3)
  3 small abominations
  2 quasits (Abyss:3)
  6 jellies
  39 orc priests
  2 hounds (D:5)
  6 iguanas
  29 orc wizards
  Natasha (thrice) (D:2)
  Ijyb (D:4)
  A hound zombie (Crypt:2)
  3 mummies (Ossuary)
  Robin (D:1)
  11 adders
  2 shadow imps
  3 white imps
  An iguana zombie (Crypt:1)
  2 worms (D:5)
  A dart slug (D:2)
  107 orcs
  7 ball pythons
  5 bats
  18 endoplasms
  4 giant cockroaches
  3 gnoll zombies (Ossuary)
  17 goblins
  11 hobgoblins
  10 jackals
  17 kobolds
  4 quokkas
  3 frilled lizards
  4 gnoll skeletons (Ossuary)
  6 goblin skeletons (Ossuary)
  2 goblin zombies (Ossuary)
  4 hobgoblin skeletons
  5 hobgoblin zombies (Ossuary)
  4 kobold skeletons (Ossuary)
  8 kobold zombies (Ossuary)
  3 orc skeletons (Ossuary)
  4 orc zombies (Ossuary)
  8 rats
  5 rat skeletons (Ossuary)
  3 rat zombies (Ossuary)
  A lurking horror (Abyss:1)
  7 starspawn tentacles (Abyss:3)
  2 tentacles (Hell)
2699 creatures vanquished.

Vanquished Creatures (collateral kills)
  A pandemonium lord (D:2)
  An orb of fire (Zot:5)
  An Orb Guardian (Zot:5)
  An acid blob (Slime:5)
  An azure jelly (Slime:5)
  2 rockslimes (Slime:5)
  3 vault wardens
  A frost giant (Vaults:5)
  A caustic shrike zombie (Hell)
  An ironbound thunderhulk (Vaults:3)
  2 quicksilver oozes (Slime:5)
  A deep elf death mage (Elf:3)
  A green death (Depths:3)
  A deep elf high priest (Vaults:5)
  3 vault guards
  A yaktaur captain (Vaults:3)
  A boulder beetle (D:11)
  An ogre mage (Vaults:5)
  An anaconda zombie (Hell)
  A deep troll (Vaults:3)
  2 ironbound convokers
  2 ice statues (Hell)
  A vault sentinel (Vaults:4)
  3 ice devils
  A wind drake (shapeshifter) (Vaults:5)
  2 slime creatures (Slime:5)
  An alligator skeleton (Hell)
  2 water elementals (Hell)
  An orc priest (Orc:2)
41 creatures vanquished.

Vanquished Creatures (others)
  A dread lich (Coc:1)
  A red draconian (Zot:3)
  A hydra (Elf:1)
  An orc high priest (Orc:2)
  A spriggan simulacrum (Coc:1)
  An apocalypse crab (Abyss:3)
  A guardian serpent (Snake:3)
  A bunyip simulacrum (Coc:1)
  A bloated husk (Swamp:1)
  A tyrant leech (Swamp:3)
  2 stone giant simulacra
  An iron dragon simulacrum (Crypt:2)
  A small abomination (Abyss:3)
  A naga (Snake:3)
  2 swamp drakes (Swamp:4)
  An ettin simulacrum (Coc:1)
  A merfolk simulacrum (Coc:1)
  A naga simulacrum (Crypt:2)
  3 orcs (Orc:2)
  A bush (D:8)
  4 foxfires
  31 fungi
  152 plants
  7 starspawn tentacles (Abyss:3)
  6 tentacles (Hell)
224 creatures vanquished.

Grand Total: 2964 creatures vanquished

Notes
Turn   | Place    | Note
-------+----------+-------------------------------------------
     0 | D:1      | CrazyBamboolord the Barachi Hunter began the quest for the
                  | Orb.
     0 | D:1      | Reached XP level 1. HP: 17/17 MP: 1/1
   130 | D:1      | Reached XP level 2. HP: 23/23 MP: 2/2
   344 | D:1      | Found a faded altar of an unknown god.
   462 | D:1      | Reached skill level 1 in Armour
   542 | D:1      | Reached XP level 3. HP: 24/28 MP: 3/3
   976 | D:1      | Reached skill level 1 in Stealth
  1342 | D:2      | Identified the +0 helmet "Wophi" {rPois rC+ Will+}
  1342 | D:2      | Noticed Robin
  1414 | D:1      | Killed Robin
  1415 | D:1      | Reached skill level 5 in Ranged Weapons
  1415 | D:1      | Reached XP level 4. HP: 27/34 MP: 4/4
  2044 | D:2      | Noticed Natasha
  2047 | D:2      | Killed Natasha
  2089 | D:2      | Noticed Natasha
  2103 | D:2      | Killed Natasha
  2104 | D:2      | Reached skill level 3 in Fighting
  2104 | D:2      | Reached XP level 5. HP: 10/41 MP: 5/5
  2148 | D:2      | Noticed Natasha
  2153 | D:2      | Killed Natasha
  2831 | D:3      | Reached XP level 6. HP: 44/47 MP: 6/6
  4929 | D:4      | Noticed Ijyb
  4956 | D:4      | Killed Ijyb
  5021 | D:4      | Reached skill level 4 in Fighting
  5021 | D:4      | Reached XP level 7. HP: 54/54 MP: 7/7
  5393 | D:4      | Found Nuetelug's Weapon Boutique.
  5396 | D:4      | Bought a +1 shortbow of freezing for 124 gold pieces
  5491 | D:4      | Found the +14 obsidian axe {vorpal, Mesm Drain Fly SInv}
  5601 | D:5      | Entered Level 5 of the Dungeon
  5757 | D:5      | Found a sand-covered staircase.
  5765 | Ossuary  | Entered an ossuary
  6239 | Ossuary  | Noticed Menkaure
  6257 | Ossuary  | Killed Menkaure
  6563 | D:5      | Reached XP level 8. HP: 61/61 MP: 8/8
  6745 | D:5      | Found a staircase to the Ecumenical Temple.
  6760 | Temple   | Entered the Ecumenical Temple
  6780 | Temple   | Became a worshipper of Ashenzari the Shackled
  6865 | D:5      | Found a snail-covered altar of Cheibriados.
  6945 | D:5      | Reached skill level 5 in Fighting
  7419 | D:6      | Identified the ring "Nyiwaimp" {rElec Int+6}
  7462 | D:6      | Reached XP level 9. HP: 68/68 MP: 9/9
  7694 | D:6      | Noticed Dowan
  7696 | D:6      | Noticed Duvessa
  7701 | D:6      | Killed Duvessa
  7702 | D:6      | Reached skill level 10 in Ranged Weapons
  7705 | D:6      | Killed Dowan
  8211 | D:6      | Reached skill level 6 in Fighting
  8270 | D:6      | Reached * piety under Ashenzari
  8271 | D:6      | Reached skill level 8 in Fighting
  8271 | D:6      | Reached XP level 10. HP: 82/82 MP: 10/10
  8596 | D:7      | Found Bauruiw's Antique Armour Shop.
  8606 | D:7      | Bought an embroidered cloak for 202 gold pieces
  8627 | D:7      | Reached skill level 9 in Fighting
  8913 | D:7      | Reached ** piety under Ashenzari
  9531 | D:7      | Found a runed translucent gate.
  9531 | D:7      | Found a runed translucent gate.
  9607 | D:7      | Found a runed translucent gate.
  9609 | D:7      | Noticed a spectral unseen horror
  9609 | D:7      | Noticed WasteTime5's ghost (amateur FoHu)
  9611 | D:7      | Noticed a spectral unseen horror
  9968 | D:8      | Reached XP level 11. HP: 73/90 MP: 11/11
 10051 | D:8      | Found a staircase to the Lair.
 10100 | D:8      | Found a sacrificial altar of Ru.
 10138 | D:8      | Found a sparkling altar of Nemelex Xobeh.
 10138 | D:8      | Found a transporter.
 10138 | D:8      | Identified the +5 mace of Suicidal Tendencies {protect,
                  | Will+ rCorr Str-3 Int+4}
 10140 | D:8      | Noticed an eight-headed hydra
 10203 | D:8      | Found a shimmering altar of Xom.
 10251 | D:8      | Reached *** piety under Ashenzari
 10555 | D:8      | Found an ornate altar of the Wu Jian Council.
 10621 | D:8      | Found a burning altar of Makhleb.
 10623 | D:8      | Found a glowing golden altar of the Shining One.
 10675 | D:8      | Noticed a moth of wrath
 10694 | D:8      | a moth of wrath changed into a water nymph
 10854 | D:9      | Reached skill level 10 in Fighting
 11031 | D:9      | Reached **** piety under Ashenzari
 11036 | D:9      | Noticed a two-headed ogre
 11044 | D:9      | Killed a two-headed ogre
 11394 | D:10     | Entered Level 10 of the Dungeon
 11521 | D:10     | Found a radiant altar of Vehumet.
 11559 | D:10     | Noticed Fannar
 11606 | D:10     | Killed Fannar
 11902 | D:10     | Noticed a two-headed ogre
 11910 | D:10     | Killed a two-headed ogre
 12016 | D:10     | Found a bloodstained altar of Trog.
 12331 | D:11     | Noticed a two-headed ogre
 12340 | D:11     | Killed a two-headed ogre
 12575 | D:11     | Noticed a five-headed hydra
 12582 | D:11     | Killed a five-headed hydra
 12586 | D:11     | Noticed a boulder beetle
 12625 | D:11     | Killed a boulder beetle
 12626 | D:11     | Reached XP level 12. HP: 23/99 MP: 12/12
 12698 | D:11     | Noticed Snorg
 12935 | D:11     | Noticed a two-headed ogre
 12941 | D:11     | Killed a two-headed ogre
 13011 | D:11     | Killed Snorg
 13012 | D:11     | Reached skill level 11 in Fighting
 13097 | D:11     | Noticed a boulder beetle
 13169 | D:11     | Killed a boulder beetle
 13453 | Lair:1   | Entered Level 1 of the Lair of Beasts
 13858 | Lair:1   | Reached skill level 15 in Ranged Weapons
 13869 | Lair:1   | Found a large runed translucent door.
 13869 | Lair:1   | Found a large runed translucent door.
 13876 | Lair:1   | Noticed capka3m's ghost (novice MeEE)
 14519 | D:7      | Killed WasteTime5's ghost
 15092 | Lair:1   | Reached skill level 12 in Fighting
 15472 | Lair:2   | Gained mutation: You can hop long distances. [Barachi
                  | growth]
 15472 | Lair:2   | Reached XP level 13. HP: 108/108 MP: 13/13
 16142 | Lair:2   | Reached skill level 10 in Armour
 16203 | Lair:2   | Upgraded the game from 0.29-a0-719-g0fec994a2d to
                  | 0.29-a0-902-g0f71de6fce
 16203 | Lair:2   | Upgraded the game from 0.29-a0-902-g0f71de6fce to
                  | 0.29-a0-1043-g569b05d6ff
 16206 | Lair:2   | Upgraded the game from 0.29-a0-1043-g569b05d6ff to
                  | 0.29-a0-1052-g6990b1bffc
 16206 | Lair:2   | Upgraded the game from 0.29-a0-1052-g6990b1bffc to
                  | 0.30-a0-50-gb2d611f6b1
 16206 | Lair:2   | Upgraded the game from 0.30-a0-50-gb2d611f6b1 to
                  | 0.30-a0-297-g0ec75d9ef4
 16206 | Lair:2   | Upgraded the game from 0.30-a0-297-g0ec75d9ef4 to
                  | 0.30-a0-371-gad7725a93e
 16592 | Lair:3   | Identified the +8 plate armour of the Gardener {Rampage rC-
                  | Str+5 Int+2}
 16874 | Lair:4   | Reached skill level 1 in Shields
 17029 | Lair:4   | Identified the +2 buckler of Tegruxy {Harm rF+ Will+ Int-4}
 17127 | Lair:4   | Reached skill level 13 in Fighting
 17134 | Lair:4   | Reached skill level 10 in Dodging
 17252 | Lair:4   | Found a staircase to the Snake Pit.
 17643 | Lair:4   | Found a staircase to the Swamp.
 17874 | Lair:5   | Found a staircase to the Slime Pits.
 18415 | Lair:4   | Reached XP level 14. HP: 107/119 MP: 14/14
 18769 | Lair:5   | Reached skill level 14 in Fighting
 18987 | Lair:5   | Identified the +7 trident "Coply" {freeze, Fragile rF+++
                  | rC- Stlth+}
 18989 | Lair:5   | Identified the +1 robe of the Comet {Fly rF+}
 19862 | D:12     | Identified the +4 plate armour "Remot" {rElec Int+2 Dex+4
                  | Slay+3}
 20054 | D:12     | Found a staircase to the Orcish Mines.
 20255 | D:12     | Reached skill level 15 in Fighting
 20819 | Orc:1    | Entered Level 1 of the Orcish Mines
 20933 | Orc:1    | Noticed an orc warlord
 20957 | Orc:1    | Killed an orc warlord
 21135 | Orc:1    | Noticed an orc warlord
 21175 | Orc:1    | Killed an orc warlord
 21192 | D:12     | Reached XP level 15. HP: 94/129 MP: 15/15
 21326 | Orc:1    | Reached skill level 5 in Shields
 21515 | Orc:2    | Entered Level 2 of the Orcish Mines
 21623 | Orc:2    | Found a staircase to the Elven Halls.
 21673 | Orc:2    | Paralysed by an orc sorcerer for 4 turns
 22023 | Orc:2    | Gained mutation: Your spells are a little easier to cast,
                  | but a little less powerful. [a neqoxec]
 22220 | Orc:2    | Found a radiant altar of Vehumet.
 22331 | Orc:2    | Found Hinnanor's Jewellery Shop.
 22331 | Orc:2    | Found Ipuv's Magic Scroll Shoppe.
 22348 | Orc:2    | Bought a scroll of teleportation for 45 gold pieces
 22348 | Orc:2    | Bought a scroll of butterflies for 60 gold pieces
 22348 | Orc:2    | Bought a scroll of poison for 60 gold pieces
 22348 | Orc:2    | Bought a scroll of blinking for 112 gold pieces
 22389 | Orc:2    | Found Poyczun's Armour Shoppe.
 22406 | Orc:2    | Reached skill level 16 in Fighting
 22418 | Orc:2    | Found Heecec's Jewellery Shop.
 22877 | D:13     | Noticed Rupert
 22881 | D:13     | Paralysed by Rupert for 3 turns
 23026 | D:14     | Reached ***** piety under Ashenzari
 23523 | D:14     | Noticed Agnes
 23543 | D:14     | Killed Agnes
 23627 | D:14     | Found a gate to the Vaults.
 24233 | Swamp:1  | Entered Level 1 of the Swamp
 24233 | Swamp:1  | Identified the +1 ring mail "Vuopp" {rN+ Will+}
 24426 | Lair:4   | Reached skill level 17 in Fighting
 24496 | Swamp:1  | Reached XP level 16. HP: 131/150 MP: 16/16
 24783 | Swamp:1  | Noticed Donald
 24793 | Swamp:1  | Killed Donald
 25765 | Swamp:2  | Noticed Jorgrun
 25801 | Swamp:2  | Killed Jorgrun
 25999 | Swamp:2  | Reached ****** piety under Ashenzari
 26408 | Swamp:3  | Noticed Bai Suzhen
 26434 | Swamp:3  | Killed Bai Suzhen
 26954 | Swamp:4  | Entered Level 4 of the Swamp
 27004 | Swamp:4  | Reached skill level 18 in Fighting
 27184 | Swamp:4  | Noticed a fenstrider witch
 27192 | Swamp:4  | Killed a fenstrider witch
 27260 | Swamp:4  | Noticed a tentacled monstrosity
 27274 | Swamp:4  | Killed a tentacled monstrosity
 27359 | Swamp:4  | Reached XP level 17. HP: 158/158 MP: 17/17
 27802 | Swamp:4  | Got a decaying rune of Zot
 27896 | Snake:1  | Entered Level 1 of the Snake Pit
 27902 | Snake:1  | Identified the +8 halberd "Maniu" {vorpal, rN+ Will- Int+4}
 29005 | Snake:2  | Found a transporter.
 29032 | Snake:2  | Reached skill level 5 in Stealth
 29235 | Snake:2  | Found a transporter.
 29252 | Snake:2  | Identified the ring "Xohaxec" {*Corrode Will+ Int+5}
 29853 | Snake:3  | Reached skill level 19 in Fighting
 30017 | Snake:3  | Noticed Mlioglotl
 30088 | Snake:3  | Reached XP level 18. HP: 145/169 MP: 18/18
 30298 | Snake:3  | Killed Mlioglotl
 30452 | Snake:3  | Noticed Vashnia
 30499 | Snake:3  | Killed Vashnia
 30723 | Snake:4  | Entered Level 4 of the Snake Pit
 30838 | Snake:4  | Reached skill level 1 in Evocations
 30845 | Snake:4  | Reached skill level 20 in Fighting
 30971 | Snake:4  | Found Wax Yne's Weapon Shoppe.
 30993 | Snake:4  | Identified the +2 ring mail "Iprumedu" {rF+ Int+3}
 31842 | Snake:4  | Reached skill level 21 in Fighting
 32136 | Snake:4  | Got a serpentine rune of Zot
 32738 | Slime:1  | Entered Level 1 of the Pits of Slime
 32785 | Slime:1  | Reached XP level 19. HP: 173/183 MP: 19/19
 33519 | Slime:1  | Gained mutation: You are frail. (-10% HP) [a shining eye]
 33546 | Slime:1  | Reached skill level 22 in Fighting
 33681 | Lair:5   | Lost mutation: You are frail. (-10% HP) [potion of
                  | mutation]
 33681 | Lair:5   | Lost mutation: Your spells are a little easier to cast, but
                  | a little less powerful. [potion of mutation]
 33681 | Lair:5   | Gained mutation: Your spells are a little harder to cast,
                  | but a little more powerful. [potion of mutation]
 33681 | Lair:5   | Gained mutation: You have sharp toenails. [potion of
                  | mutation]
 34241 | D:15     | Entered Level 15 of the Dungeon
 34859 | D:15     | Found a runed translucent door.
 35118 | D:15     | Found a staircase to the Depths.
 35399 | Depths:1 | Entered Level 1 of the Depths
 35488 | Depths:1 | Identified the +4 scale mail "Anavvoaf" {Int+4}
 35505 | Depths:1 | Noticed tailblues's ghost (veteran DgTm)
 35518 | Depths:1 | Found a transporter.
 35956 | Depths:1 | Found a gateway to Hell.
 35968 | Depths:1 | Found a transporter.
 36114 | Depths:1 | Found a one-way gateway to a ziggurat.
 36335 | Depths:1 | Paralysed by a great orb of eyes for 2 turns
 36356 | Depths:1 | Reached skill level 23 in Fighting
 36391 | Depths:1 | Reached skill level 5 in Evocations
 36473 | Depths:1 | Gained mutation: You are weak. (Str -2) [a shining eye]
 36650 | Depths:1 | Found a viscous altar of Jiyva.
 37042 | Depths:2 | Reached XP level 20. HP: 196/196 MP: 20/20
 37137 | Depths:2 | Found Soeryghi's Elemental Accessories.
 37670 | Depths:1 | Reached skill level 24 in Fighting
 38333 | Depths:2 | Reached skill level 15 in Dodging
 38360 | Depths:2 | Noticed a caustic shrike
 38694 | Depths:2 | Identified the +6 spear "Killer Klown's Regret" {drain,
                  | rPois Int+4}
 38744 | Depths:2 | Killed a caustic shrike
 38745 | Depths:2 | Reached skill level 15 in Armour
 38814 | Depths:2 | Found a one-way gate leading to the halls of Pandemonium.
 38828 | Depths:2 | Noticed a caustic shrike
 38838 | Depths:2 | Killed a caustic shrike
 39206 | Depths:2 | Identified the Grimoire of Fetching Iniquitous Magic
 39210 | Depths:2 | Identified the +1 leather armour of the Enormous God
                  | {Slay+2}
 39600 | Depths:2 | Found a glowing golden altar of the Shining One.
 39992 | Depths:3 | Found a one-way gate to the infinite horrors of the Abyss.
 39992 | Depths:3 | Noticed Louise
 40009 | Depths:3 | Killed Louise
 40010 | Depths:3 | Reached XP level 21. HP: 204/204 MP: 21/21
 40445 | Depths:3 | Noticed a golden dragon
 40455 | Depths:3 | Killed a golden dragon
 40455 | Depths:3 | Noticed a caustic shrike
 40457 | Depths:3 | Noticed a caustic shrike
 40473 | Depths:3 | Noticed a caustic shrike
 40476 | Depths:3 | Killed a caustic shrike
 40989 | Depths:3 | Identified the +8 sling "Weeskox" {flame, rF- rC++ Str+4
                  | Stlth+}
 41075 | Depths:3 | Killed a caustic shrike
 41102 | Depths:3 | Killed a caustic shrike
 41739 | Orc:2    | Bought +2 storm dragon scales for 1288 gold pieces
 42381 | Depths:3 | Identified the Compilation of Grisly Shifting
 42671 | Depths:3 | Reached skill level 10 in Stealth
 42972 | Depths:4 | Entered Level 4 of the Depths
 42974 | Depths:4 | Noticed a juggernaut
 42999 | Depths:4 | Killed a juggernaut
 43456 | Vaults:1 | Entered Level 1 of the Vaults
 43476 | Vaults:1 | Found a magical portal.
 43481 | WizLab   | Entered Doroklohe's Tomb
 43643 | WizLab   | Noticed a dread lich
 43656 | WizLab   | Killed a dread lich
 43668 | WizLab   | Identified the +6 plate armour "Niykes" {rElec rN+}
 43688 | WizLab   | Identified the +1 scale mail of the Devil's Advocate
                  | {Dex+5}
 43757 | WizLab   | Identified the +1 helmet of the Illusory Mice {+Blink
                  | Will+}
 44163 | Vaults:1 | Found Luappontev's Weapon Shop.
 44416 | Vaults:1 | Reached XP level 22. HP: 143/212 MP: 22/22
 46584 | Vaults:2 | Found a staircase to the Crypt.
 46837 | Vaults:2 | Reached skill level 10 in Evocations
 47104 | Vaults:2 | Found Taawus's Armour Shoppe.
 47429 | Vaults:3 | Identified the +0 chain mail of Ycietic {Contam rPois rF+
                  | Slay+2}
 47445 | Vaults:3 | Found a runed translucent gate.
 47445 | Vaults:3 | Found a runed translucent gate.
 47445 | Vaults:3 | Found an opulent altar of Gozag.
 47445 | Vaults:3 | Found a runed translucent gate.
 47446 | Vaults:3 | Found Osesot's Assorted Antiques.
 47447 | Vaults:3 | Noticed Wyasic's ghost (veteran SpEn)
 47735 | Vaults:3 | Reached XP level 23. HP: 219/219 MP: 23/23
 49550 | Vaults:3 | Found Astutsel's Magic Scroll Shoppe.
 49559 | Vaults:3 | Bought a scroll of blinking for 82 gold pieces
 49559 | Vaults:3 | Bought a scroll of blinking for 82 gold pieces
 49559 | Vaults:3 | Bought a scroll of blinking for 82 gold pieces
 49559 | Vaults:3 | Bought a scroll of butterflies for 44 gold pieces
 49559 | Vaults:3 | Bought a scroll of blinking for 82 gold pieces
 49559 | Vaults:3 | Bought a scroll of teleportation for 33 gold pieces
 49559 | Vaults:3 | Bought a scroll of fear for 44 gold pieces
 50174 | Vaults:4 | Found a large runed translucent door.
 50174 | Vaults:4 | Found a large runed translucent door.
 50174 | Vaults:4 | Found a large runed translucent door.
 50174 | Vaults:4 | Found a large runed translucent door.
 50174 | Vaults:4 | Noticed Wenn's ghost (veteran SpEn)
 50175 | Vaults:4 | Found a large runed translucent door.
 50175 | Vaults:4 | Found a large runed translucent door.
 50175 | Vaults:4 | Found a large runed translucent door.
 50175 | Vaults:4 | Found a large runed translucent door.
 50882 | Vaults:4 | Noticed a golden dragon
 50894 | Vaults:4 | Killed a golden dragon
 51184 | Vaults:4 | Killed Wenn's ghost
 51470 | Vaults:5 | Entered Level 5 of the Vaults
 51534 | Vaults:5 | Noticed a dread lich
 51820 | Vaults:4 | Killed a dread lich
 52496 | Vaults:5 | Reached XP level 24. HP: 200/227 MP: 23/23
 52904 | Vaults:5 | Noticed a dread lich
 52906 | Vaults:5 | Identified the +5 great mace "Bojommol" {vorpal, rF- rN+
                  | Dex+3}
 52927 | Vaults:5 | Identified the ring of Luozotzo {rC+ SInv}
 52960 | Vaults:5 | Killed a dread lich
 53190 | Vaults:5 | Identified the +2 chain mail "Suritt" {rC- Str+3 Int+5}
 53197 | Vaults:5 | Identified the +8 falchion "Amuwas" {freeze, Fly rN+
                  | Stlth-}
 53330 | Vaults:5 | Identified the +6 long sword "Coev" {speed, rPois}
 53596 | Vaults:5 | Identified the +5 glaive of Xevvett {protect, Int+2}
 54245 | Vaults:5 | Got a silver rune of Zot
 55042 | Elf:1    | Entered Level 1 of the Elven Halls
 55067 | Elf:1    | Noticed Asterion
 55074 | Elf:1    | Killed Asterion
 55420 | Elf:1    | Identified the Folio of Concussion
 55461 | Elf:1    | Reached skill level 15 in Evocations
 55462 | Elf:1    | Found Okah's Antique Weapon Shop.
 55469 | Elf:1    | Bought a brightly glowing battleaxe for 425 gold pieces
 55469 | Elf:1    | Identified the +8 battleaxe "Cinevaqe" {elec, rElec Str+3
                  | Dex+4} (You bought it in a shop on level 1 of the Elven
                  | Halls)
 55634 | Elf:1    | Identified the Catalogue of Sand
 55636 | Elf:1    | Identified the Anthology of Plaster Cramp
 55672 | Elf:1    | Identified Ts'ui Pên's Incunable of Forking Paths
 56062 | Elf:1    | Reached skill level 25 in Fighting
 56344 | Elf:2    | Reached XP level 25. HP: 234/234 MP: 23/23
 56486 | Elf:2    | Found a runed translucent gate.
 56487 | Elf:2    | Found a runed translucent gate.
 56487 | Elf:2    | Found a runed translucent gate.
 57146 | Elf:3    | Entered Level 3 of the Elven Halls
 57474 | Elf:3    | Identified the amulet of Secrets {Faith rC+ rCorr Int+4}
 57648 | Elf:3    | Identified the +2 long sword "Ifumn" {flame, rF++ rC+}
 57648 | Elf:3    | Identified the +3 leather armour "Tyustru" {rPois rF+}
 57780 | Elf:3    | Identified the +1 robe of Baldness {*Corrode Int+5 Dex+2}
 57780 | Elf:3    | Identified the ring of Gafyomis {Dex+6 Stlth+}
 57798 | Elf:3    | Identified the +3 spear of Pestilence {vamp, rN+ Str+4}
 57809 | Elf:3    | Reached skill level 15 in Stealth
 57826 | Elf:3    | Identified the +3 sling of Urgency {freeze, Str+3}
 57833 | Elf:3    | Identified the +2 mace of the Gazing Firefly {pain, Str+4
                  | Int+4 SInv}
 58159 | Elf:3    | Found Jede's Elven Fire.
 58289 | Elf:3    | Noticed Roxanne
 58306 | Elf:3    | Killed Roxanne
 58527 | Elf:3    | Found Laloe's Antique Weapon Emporium.
 58611 | Elf:3    | Found Henunoseetz's General Store.
 58620 | Elf:3    | Bought a potion of curing for 51 gold pieces
 58937 | Depths:4 | Found an opulent altar of Gozag.
 58955 | Depths:4 | Noticed a juggernaut
 58970 | Depths:4 | Killed a juggernaut
 59454 | Depths:4 | Found an ornate altar of the Wu Jian Council.
 59777 | Depths:4 | Found a gate to the Realm of Zot.
 59916 | Hell     | Entered the Vestibule of Hell
 59916 | Hell     | Noticed Geryon
 59923 | Hell     | Reached XP level 26. HP: 180/237 MP: 23/23
 61276 | Hell     | Killed Geryon
 61325 | Hell     | Reached skill level 26 in Fighting
 61377 | Hell     | Found a gateway to the freezing wastes of Cocytus.
 61917 | Hell     | Found a gateway to the Iron City of Dis.
 62022 | Hell     | Found a gateway to the ashen valley of Gehenna.
 62091 | Hell     | Found a gateway to the decaying netherworld of Tartarus.
 63865 | Slime:5  | Entered Level 5 of the Pits of Slime
 63868 | Slime:5  | Lost mutation: Your spells are a little harder to cast, but
                  | a little more powerful. [a shining eye]
 64050 | Slime:5  | Noticed the Royal Jelly
 64051 | Slime:5  | Identified the +4 scale mail of Ru's Favour {rPois}
 64053 | Slime:5  | Found a viscous altar of Jiyva.
 64056 | Slime:5  | Identified Wuod's Guidebook on the Tempest
 64056 | Slime:5  | Identified the ring of Cyfiden {rCorr Dex+4}
 64056 | Slime:5  | Identified the +5 whip of the Battered Bounties {vorpal,
                  | rF+ Will+}
 64057 | Slime:5  | Identified the ring of Beplac {rC+++ Will+ rCorr Int-2
                  | Dex+2}
 64058 | Slime:5  | Identified the +1 battleaxe "Maiforod" {venom, *Corrode
                  | rPois rC+ Stlth+}
 64061 | Slime:5  | Identified the +0 pair of boots of the Tormentor {Int+2}
 64062 | Slime:5  | Identified the +0 cloak of the Salamander {rCorr}
 64075 | Slime:5  | Gained mutation: You occasionally shout uncontrollably at
                  | your foes. [a shining eye]
 64330 | Slime:5  | Killed the Royal Jelly
 64697 | Slime:5  | Gained mutation: You occasionally lose the ability to drink
                  | potions when taking damage. [a shining eye]
 64706 | Slime:5  | Lost mutation: You occasionally lose the ability to drink
                  | potions when taking damage. [potion of mutation]
 64706 | Slime:5  | Lost mutation: You have sharp toenails. [potion of
                  | mutation]
 64706 | Slime:5  | Lost mutation: You occasionally shout uncontrollably at
                  | your foes. [potion of mutation]
 64706 | Slime:5  | Gained mutation: Your spells are a little harder to cast,
                  | but a little more powerful. [potion of mutation]
 64706 | Slime:5  | Gained mutation: You are partially covered in iridescent
                  | scales. (AC +2) [potion of mutation]
 64706 | Slime:5  | Gained mutation: Your mind is acute. (Int +4, Str/Dex -1)
                  | [potion of mutation]
 64769 | Slime:5  | Identified the +7 whip "Meopatol" {speed, rC++ Dex+5}
 64874 | Slime:5  | Got a slimy rune of Zot
 65691 | Coc:1    | Entered Level 1 of Cocytus
 65691 | Coc:1    | Noticed a dread lich
 65711 | Coc:1    | Killed a dread lich
 66617 | Zot:1    | Entered Level 1 of the Realm of Zot
 68022 | Depths:4 | Reached XP level 27. HP: 199/241 MP: 23/23
 68969 | Zot:2    | Found the +3 warlock's mirror {reflect}
 70827 | Zot:3    | Reached skill level 1 in Long Blades
 70831 | Zot:3    | Reached skill level 1 in Maces & Flails
 70831 | Zot:3    | Reached skill level 1 in Staves
 70834 | Zot:3    | Reached skill level 1 in Polearms
 72771 | Zot:4    | Reached skill level 5 in Long Blades
 73230 | Zot:4    | Reached skill level 5 in Maces & Flails
 73230 | Zot:4    | Reached skill level 5 in Staves
 73353 | Zot:4    | Identified the cursed +3 longbow of the Chained Doubts
                  | {vorpal, Evo, Cun} (You took it off a centaur warrior on
                  | level 14 of the Dungeon)
 73353 | Zot:4    | Identified the cursed +2 cloak of Ashenzari's Prison
                  | {rCorr, Range, Fort} (You bought it in a shop on level 7 of
                  | the Dungeon)
 73353 | Zot:4    | Identified the cursed +2 pair of gloves "Omission of
                  | Ashenzari" {Str+3, Self, Bglg} (You found it on level 5 of
                  | the Vaults)
 73353 | Zot:4    | Identified the cursed +2 pair of boots "Gaze Upon Infinity"
                  | {Stlth+, Range, Elem} (You found it on level 2 of the
                  | Depths)
 73353 | Zot:4    | Identified the cursed quicksilver dragon scales of the
                  | Pangnostic Prison {Will+, Evo, Cun} (You found it on level
                  | 1 of the Depths)
 74019 | Zot:4    | Reached skill level 5 in Polearms
 74081 | Zot:4    | Identified the +2 leather armour of Time Monsters {*Slow
                  | rN+++ Slay+6 Stlth+}
 74678 | Zot:5    | Entered Level 5 of the Realm of Zot
 74797 | Zot:5    | Found a stormy altar of Qazlal.
 75425 | Zot:5    | Noticed a dread lich
 75438 | Zot:5    | Noticed a dread lich
 75743 | Zot:4    | Killed a dread lich
 75780 | Zot:4    | Killed a dread lich
 76247 | Zot:5    | Noticed an ancient lich
 76258 | Zot:5    | Noticed an orb of fire
 76259 | Zot:5    | Noticed a dread lich
 76268 | Zot:5    | Gained mutation: You are frail. (-10% HP) [an orb of fire]
 76269 | Zot:5    | Gained mutation: You sometimes lose your temper in combat.
                  | [an orb of fire]
 76270 | Zot:5    | Noticed an orb of fire
 76585 | Zot:4    | Lost mutation: You are frail. (-10% HP) [potion of
                  | mutation]
 76585 | Zot:4    | Lost mutation: You are weak. (Str -2) [potion of mutation]
 76585 | Zot:4    | Lost mutation: Your spells are a little harder to cast, but
                  | a little more powerful. [potion of mutation]
 76585 | Zot:4    | Gained mutation: You are robust. (+10% HP) [potion of
                  | mutation]
 76585 | Zot:4    | Gained mutation: You have an uncontrollable temper. [potion
                  | of mutation]
 76585 | Zot:4    | Lost mutation: You have an uncontrollable temper. [potion
                  | of mutation]
 76681 | Zot:4    | Lost mutation: Your mind is acute. (Int +4, Str/Dex -1) [an
                  | orb of fire]
 76684 | Zot:4    | Killed an orb of fire
 76869 | Zot:5    | Killed an orb of fire
 77097 | Zot:4    | Killed an ancient lich
 77173 | Zot:5    | Killed a dread lich
 77178 | Zot:5    | Noticed an orb of fire
 77187 | Zot:5    | Gained mutation: You are clumsy. (Dex -2) [an orb of fire]
 77195 | Zot:5    | Killed an orb of fire
 77323 | Zot:5    | Noticed an orb of fire
 77337 | Zot:5    | Killed an orb of fire
 77537 | Zot:5    | Noticed an ancient lich
 77553 | Zot:5    | Killed an ancient lich
 77876 | Zot:5    | Noticed an orb of fire
 77880 | Zot:5    | Gained mutation: You are weak. (Str -2) [an orb of fire]
 77882 | Zot:5    | Gained mutation: You have an uncontrollable temper. [an orb
                  | of fire]
 77888 | Zot:5    | Gained mutation: Armour fits poorly on your strangely
                  | shaped body. [an orb of fire]
 77897 | Zot:5    | Killed an orb of fire
 78770 | Depths:1 | Paralysed by a floating eye for 2 turns
 78779 | Depths:1 | Paralysed by a floating eye for 2 turns
 78834 | Depths:1 | Killed tailblues's ghost
 79208 | Lair:1   | Killed capka3m's ghost
 79408 | D:13     | Killed Rupert
 79594 | D:13     | Noticed Maurice
 79596 | D:13     | Noticed Nessos
 79598 | D:13     | Killed Maurice
 79602 | D:13     | Killed Nessos
 80183 | Vaults:3 | Killed Wyasic's ghost
 80283 | Vaults:3 | Bought a potion of curing for 102 gold pieces
 80283 | Vaults:3 | Bought a potion of curing for 102 gold pieces
 80283 | Vaults:3 | Bought a scroll of summoning for 323 gold pieces
 80570 | Depths:3 | Voluntarily entered the Abyss.
 80860 | Abyss:1  | Lost mutation: You are robust. (+10% HP) [a neqoxec]
 81268 | Abyss:3  | Gained mutation: You occasionally lose the ability to drink
                  | potions when taking damage. [a cacodemon]
 81280 | Abyss:3  | Lost mutation: Armour fits poorly on your strangely shaped
                  | body. [potion of mutation]
 81280 | Abyss:3  | Lost mutation: You have an uncontrollable temper. [potion
                  | of mutation]
 81280 | Abyss:3  | Lost mutation: You are weak. (Str -2) [potion of mutation]
 81280 | Abyss:3  | Gained mutation: You are strong-willed. (Will+) [potion of
                  | mutation]
 81281 | Abyss:3  | Lost mutation: You sometimes lose your temper in combat.
                  | [potion of mutation]
 81281 | Abyss:3  | Lost mutation: You are partially covered in iridescent
                  | scales. (AC +2) [potion of mutation]
 81281 | Abyss:3  | Lost mutation: You are clumsy. (Dex -2) [potion of
                  | mutation]
 81281 | Abyss:3  | Gained mutation: You sometimes lose the ability to drink
                  | potions when taking damage. [potion of mutation]
 81281 | Abyss:3  | Gained mutation: You have large cloven feet. [potion of
                  | mutation]
 81282 | Abyss:3  | Lost mutation: You have large cloven feet. [potion of
                  | mutation]
 81282 | Abyss:3  | Lost mutation: You sometimes lose the ability to drink
                  | potions when taking damage. [potion of mutation]
 81282 | Abyss:3  | Lost mutation: You are strong-willed. (Will+) [potion of
                  | mutation]
 81282 | Abyss:3  | Gained mutation: Your spells are a little harder to cast,
                  | but a little more powerful. [potion of mutation]
 81282 | Abyss:3  | Gained mutation: Your system is resistant to poisons.
                  | (rPois) [potion of mutation]
 81283 | Abyss:3  | Lost mutation: Your system is resistant to poisons. (rPois)
                  | [potion of mutation]
 81283 | Abyss:3  | Lost mutation: Your spells are a little harder to cast, but
                  | a little more powerful. [potion of mutation]
 81283 | Abyss:3  | Lost mutation: You occasionally lose the ability to drink
                  | potions when taking damage. [potion of mutation]
 81283 | Abyss:3  | Gained mutation: You sometimes lose your temper in combat.
                  | [potion of mutation]
 81283 | Abyss:3  | Gained mutation: You expend magic power (3 MP) to
                  | strengthen your wands. [potion of mutation]
 81376 | Abyss:3  | Noticed an ancient lich
 81382 | Abyss:3  | Killed an ancient lich
 81605 | Abyss:3  | Got an abyssal rune of Zot
 81741 | Depths:3 | Escaped the Abyss
 82004 | Crypt:1  | Entered Level 1 of the Crypt
 84147 | Crypt:2  | Identified the ring "Mummua" {Ice Int+9 Dex+3 SInv}
 84147 | Crypt:2  | Noticed Josephina
 84320 | Crypt:2  | Killed Josephina
 84450 | Crypt:2  | Noticed Grunn
 85424 | Crypt:1  | Killed Grunn
 86472 | Crypt:1  | Found a basalt altar of Yredelemnul.
 86617 | Crypt:2  | Noticed Xtahua
 86628 | Crypt:2  | Killed Xtahua
 86916 | Crypt:3  | Entered Level 3 of the Crypt
 87050 | Crypt:3  | Noticed a royal mummy
 87050 | Crypt:3  | Noticed Khufu
 87051 | Crypt:3  | Noticed a royal mummy
 87055 | Crypt:3  | Noticed a royal mummy
 87341 | Crypt:2  | Upgraded the game from 0.30-a0-371-gad7725a93e to
                  | 0.30-a0-390-g80c34de65d
 88349 | D:7      | Bought a slimy helmet for 256 gold pieces
 88349 | D:7      | Identified the +1 helmet of Okyxkod {rElec Str+3} (You
                  | bought it in a shop on level 7 of the Dungeon)
 88855 | Zot:5    | Got the Orb of Zot
 89145 | Depths:4 | Noticed Zuafaad the pandemonium lord
 89844 | D:8      | Noticed Liros the pandemonium lord
 89960 | D:3      | Noticed Muiva the pandemonium lord
 89985 | D:2      | Killed Muiva the pandemonium lord
 90091 | D:1      | Noticed Axayr the pandemonium lord
 90159 | D:1      | HP: 2/249 [Hell Sentinel/damnation (38)]
 90162 | D:$      | Escaped with the Orb!

Illustrated notes

Levels and vault maps discovered:
D:1:      dpeg_arrival_morbid_curiosity, layout_loops_ring,
          ebering_ecumenical_altar_abandoned
D:2:      minmay_diamond_boxcup, layout_loops_ring, minmay_misc_feat_columns,
          minmay_misc_feat_rugged, minmay_misc_feat_room, uniq_robin,
          uniq_natasha
D:3:      layout_basic, grunt_ministairs_13
D:4:      layout_cave_pods, serial_shops, kennysheep_mini_moat, uniq_ijyb
D:5:      layout_cave_pools, general_overflow_altar, minmay_temple_entry_grid,
          nicolae_ossuary_entry_monument
D:6:      layout_layer_cave, uniq_duvessa, uniq_menkaure
D:7:      minmay_cornered_nines, layout_basic, serial_shops, nicolae_shop_trees,
          gammafunk_ghost_necromancy, minmay_misc_feat_plants
D:8:      layout_loops_ring, grunt_nemelex_the_gamble, marbit_many_paths,
          nicolae_overflow_hidden_temple, minmay_lair_entry_grove
D:9:      layout_cave_pools, kennysheep_generic_room_11
D:10:     layout_loops_ring, mainiacjoe_overflow_surrounded_room, bloody_trog,
          minmay_misc_feat_roman, uniq_fannar
D:11:     layout_rooms, uniq_snorg
D:12:     layout_grid_maze, orc_0_dummy
D:13:     layout_basic, uniq_nessos, uniq_rupert, uniq_maurice
D:14:     kennysheep_scales, layout_cave_pools, grunt_vaults_entry_fortified,
          nrook_pool_corridor, uniq_agnes
D:15:     hangedman_depths_entry_try_elsewhere_first, layout_basic,
          chequers_mini_garden, lightli_church_of_beogh
Temple:   cyrus_circular_temple
Lair:1:   lemuel_slime, layout_regular_city, ebering_ghost_disaster_area
Lair:2:   layout_chaotic_city, forest_entry_grove
Lair:3:   layout_long_grid, grunt_megastairs_2
Lair:4:   layout_loops_ring, minmay_swamp_entry_worms,
          minmay_snake_entry_six_corridors
Lair:5:   layout_long_grid, minmay_slime_entry_oklob_open, worms_lemuel
Swamp:1:  layout_falls_marsh, evilmike_swamp_ruin_house_4, swamp_pool1,
          infiniplex_staircase_pool_2, uniq_donald
Swamp:2:  layout_basic_swamp, evilmike_swamp_ruin_rubble_2,
          infiniplex_staircase_pool, uniq_jorgrun
Swamp:3:  layout_falls_marsh, serial_swamp_ruin, evilmike_swamp_ruin_house_3,
          hangedman_swamp_ruin_wall, uniq_bai_suzhen
Swamp:4:  swamp_fiery, layout_basic_swamp
Snake:1:  layout_grid_maze
Snake:2:  gammafunk_the_bubble [the_bubble_gammafunk_split],
          layout_misc_corridors, serial_bayou_shore_a
Snake:3:  layout_layer_cave, st_stairs_5, nicolae_snake_snakes_in_the_grass,
          uniq_mlioglotl, uniq_vashnia
Snake:4:  johnstein_snake_rune_scales, layout_layer_cave, serial_shops,
          nicolae_lakefront_shop
Slime:1:  layout_caves
Slime:2:  layout_caves
Slime:3:  layout_caves
Slime:4:  layout_caves
Slime:5
Orc:1:    layout_diamond_mine, basic_altar
Orc:2:    st_orc_town, layout_caves, basic_altar
Elf:1:    eino_elf_arrival_the_gate, layout_loops_corners, serial_shops, shop,
          special_room [special_room_mythical_zoo], minmay_elf_annihilation,
          bh_hangedman_babel_library, uniq_asterion
Elf:2:    elven_hall_of_blades_hangedman_original
          [infiniplex_blade_entry_pillars], layout_onion_city
Elf:3:    elf_hall_gauntlet_wide, layout_loops_cross, serial_shops,
          nicolae_lakefront_shop, shop, minivault_25, guppyfry_elf_lava,
          uniq_roxanne
Vaults:1: infiniplex_enter_wizlab_spiral, v_misc_2, hangedman_vaults_trim,
          vaults_room_grunt_arrival_ludios, hangedman_vaults_slither,
          layout_vaults_omnigrid, serial_shops, nicolae_shop_window_shopping
Vaults:2: v_misc_17, ontoclasm_vaults_idyll, vaults_room_hallway, v_misc_5,
          nicolae_vaults_little_squares_6, v_misc_5, ontoclasm_vaults_fault,
          ontoclasm_vaults_hangar, v_alt_pattern_6,
          nicolae_vaults_stairing_the_circle, nicolae_vaults_c_with_doors,
          vaults_dpeg_cross, vaults_dpeg_hooks, nicolae_vaults_bisected_slash,
          layout_vaults_ring, minmay_crypt_entry_nasty_monster, serial_shops,
          shop
Vaults:3: ebering_ghost_gozag, v_misc_29, vaults_room_ringed_pool,
          nicolae_vaults_border_crossing, dpeg_vaults_monster_box,
          ontoclasm_vaults_twist, nicolae_vaults_angled_halls,
          vaults_room_fancy_cross, ontoclasm_vaults_loading_screen,
          grunt_vaults_hallway_long, hangedman_vaults_nodes,
          nicolae_vaults_diagonal_hallway_8, ontoclasm_vaults_shuriken,
          nicolae_vaults_ring_of_whatevers, layout_vaults_omnicross,
          serial_shops, shop
Vaults:4: advil_vaults_ghost_lines, vaults_room_stairs_pillars, v_misc_23,
          nicolae_vaults_specimen_jars, nicolae_vaults_asterisk,
          hangedman_vaults_snaps, nicolae_vaults_yaktaur_gun_rack,
          nicolae_vaults_fighting_squares, vaults_mumra_minichess,
          vaults_dpeg_diagonal, ontoclasm_vaults_spin, v_misc_16,
          nicolae_vaults_little_squares_5, hangedman_vaults_cutoff,
          layout_vaults_maze
Vaults:5: serial_shops
Crypt:1:  layout_chaotic_city, nicolae_crypt_cryptocurrency, evilmike_ambush
          [evilmike_ambush_outer_pillars, evilmike_ambush_inner_basic],
          grunt_crypt_arrival_split, grunt_megastairs_3, lemuel_upstairs_altar
Crypt:2:  layout_gridlike, roderic_lattice_octagonal_star, uniq_xtahua,
          uniq_josephina, uniq_grunn
Crypt:3:  lightli_unholy_cathedral, layout_chaotic_city,
          tomb_entry_simple_bobbens, skrybe_necro_troll_2, uniq_khufu
Depths:1: layout_roguey, enter_ziggurat_f, hell_entry, hangedman_decor_riveting,
          gammafunk_ghost_arena, special_room [special_room_jelly],
          kennysheep_boxes
Depths:2: minmay_the_grid_square_5x5_4x4_mashed
          [minmay_the_grid_square_5x5_bridge, minmay_the_grid_square_5x5_inset,
          minmay_the_grid_square_5x5_broken_cross,
          minmay_the_grid_square_5x5_n_small,
          minmay_the_grid_square_5x5_half_checkered,
          minmay_the_grid_square_5x5_prize_deathbox,
          minmay_the_grid_square_5x5_prize_waves,
          minmay_the_grid_square_5x5_two_small,
          minmay_the_grid_square_5x5_inner_v,
          minmay_the_grid_square_5x5_prize_snowflake,
          minmay_the_grid_square_5x5_prize_rear_guard,
          minmay_the_grid_square_5x5_intrusive_squares,
          minmay_the_grid_square_5x5_c, minmay_the_grid_square_5x5_v,
          minmay_the_grid_square_5x5_bite, minmay_the_grid_square_5x5_z],
          layout_basic, rand_demon_pan_entry_8, infiniplex_staircase_pool_1,
          hell_entry, nicolae_elemental_shop, nicolae_tso_swordbearing_angel
Depths:3: grunt_arcs, layout_cave_shapes,
          nicolae_abyss_entry_one_way_or_another, hangedman_coc_ice_floe,
          nrook_kobold_shadow_demons
Depths:4: evilmike_zot_entry_gauntlet, layout_basic, hellmouth_3,
          nzn_wu_jian_council_hall, serial_bayou_pond_e,
          nicolae_gozag_seed_capital
Hell
Coc:1:    layout_ice_bergs
Zot:1:    layout_onion
Zot:2:    layout_twisted_circle
Zot:3:    layout_gridlike, hangedman_elemental_corridor
Zot:4:    grunt_deathspiral_small, layout_concentric_octagons,
          grunt_ministairs_6
Zot:5:    layout_cathedral_of_symmetry, basic_altar

Skill      XL: |  1  2  3  4  5  6  7  8  9 10 11 12 13 14 15 16 17 18 19 20 21 22 23 24 25 26 27 |
---------------+----------------------------------------------------------------------------------+-----
Armour         | 1 2 3 4 8 9 10 11 12 13 14 15 16 17 18 20 21 22 | 22.0
Stealth        | 1 4 5 6 7 8 10 11 12 14 15 16 19 | 19.9
Ranged Weapons | 5 6 8 9 11 12 14 15 16 17 18 20 21 23 | 23.9
Fighting       | 3 4 5 8 9 10 12 13 15 17 18 19 21 23 24 25 26 | 26.0
Dodging        | 3 4 7 8 9 10 11 12 13 14 15 18 20 21 23 | 23.2
Shields        | 3 4 6 7 8 9 |  9.3
Evocations     | 3 5 7 9 10 12 15 16 20 24 | 24.0
Long Blades    | 6 |  6.8
Maces & Flails | 6 |  6.2
Staves         | 6 |  6.1
Polearms       | 5 |  5.6

Action                   |  1- 3 |  4- 6 |  7- 9 | 10-12 | 13-15 | 16-18 | 19-21 | 22-24 | 25-27 || total
-------------------------+-------+-------+-------+-------+-------+-------+-------+-------+-------++-------
Melee: Unarmed           |     2 |    17 |       |       |       |       |       |       |   116 ||   135
       Shortbow          |       |     1 |       |       |       |       |       |       |       ||     1
 Fire: Shortbow          |   110 |   220 |   347 |   787 |  1696 |   186 |       |       |       ||  3346
       Longbow           |       |       |       |       |       |  1393 |  2200 |  2217 |  4930 || 10740
Invok: Curse Item        |       |       |     2 |     5 |     3 |     2 |     1 |       |     3 ||    16
       Shatter the Chain |       |       |       |     1 |     1 |     1 |     1 |     2 |     2 ||     8
 Abil: Hop               |     1 |     2 |     6 |    10 |    18 |     9 |    27 |    18 |    29 ||   120
Evoke: Wand              |       |       |       |    15 |     6 |       |    10 |       |     4 ||    35
       Tin of tremorston |       |       |       |       |       |       |       |     6 |     9 ||    15
       Box of beasts     |       |       |       |       |       |       |       |     7 |     7 ||    14
       Condenser vane    |       |       |       |       |       |       |       |     6 |     8 ||    14
       Phial of floods   |       |       |       |       |       |       |       |       |     7 ||     7
       Horn of Geryon    |       |       |       |       |       |       |       |       |     5 ||     5
       Lightning rod     |       |       |       |       |       |       |       |       |     8 ||     8
  Use: Scroll            |       |       |    11 |     4 |     3 |    10 |    16 |     4 |    27 ||    75
       Potion            |       |       |     5 |       |       |     3 |     5 |     6 |    34 ||    53
Armor: Leather armour    |    13 |    32 |    23 |    71 |    10 |       |       |       |       ||   149
       Skin              |     3 |     1 |     7 |       |       |       |       |       |       ||    11
       Acid dragon scale |       |       |       |       |   142 |    98 |   148 |       |       ||   388
       Quicksilver drago |       |       |       |       |       |       |    46 |   168 |   720 ||   934
Dodge: Dodged            |    31 |    75 |    60 |   378 |   750 |   558 |  1191 |  1229 |  4016 ||  8288
       Repelled          |       |       |     1 |       |       |       |       |       |       ||     1
Block: Other             |       |       |       |       |   165 |   119 |   179 |   197 |   631 ||  1291
       Reflection        |       |       |       |       |    15 |    16 |     4 |    21 |     5 ||    61

Table legend: (Time is in decaauts)
 A = Elapsed time spent in this place.
 B = Non-inter-level travel time spent in this place.
 C = Inter-level travel time spent in this place.
 D = Time resting spent in this place.
 E = Time spent auto-exploring this place.
 F = Levels seen in this place.
 G = Mean time per level.
                   A        B        C        D        E       F      G
               +--------+--------+--------+--------+--------+-----+--------+
         Total |  95247 |  79152 |  16095 |  17744 |  41209 |  63 | 1511.9 |
       Dungeon |  24191 |  17434 |   6757 |   1237 |  12863 |  15 | 1612.7 |
        Temple |     42 |     16 |     26 |      0 |      7 |   1 |   42.0 |
          Lair |   7262 |   6121 |   1141 |   1004 |   3778 |   5 | 1452.4 |
         Swamp |   3021 |   2881 |    140 |    199 |   1926 |   4 |  755.2 |
     Snake Pit |   4977 |   4651 |    326 |    919 |   2625 |   4 | 1244.2 |
    Slime Pits |   3689 |   3479 |    210 |    502 |   1768 |   5 |  737.8 |
  Orcish Mines |   2074 |   1700 |    374 |    201 |    929 |   2 | 1037.0 |
   Elven Halls |   3863 |   3718 |    145 |    107 |   2557 |   3 | 1287.7 |
        Vaults |  13117 |  10734 |   2383 |   2249 |   5623 |   5 | 2623.4 |
         Crypt |   4213 |   3897 |    316 |   1774 |   1525 |   3 | 1404.3 |
        Depths |  12969 |  10271 |   2698 |   4482 |   3585 |   4 | 3242.2 |
          Hell |   1797 |   1708 |     89 |    816 |    279 |   1 | 1797.0 |
       Cocytus |     20 |     20 |      0 |      0 |      0 |   1 |   20.0 |
           Zot |  11392 |   9910 |   1482 |   3490 |   3692 |   5 | 2278.4 |
         Abyss |   1184 |   1184 |      0 |    248 |     18 |   3 |  394.7 |
       Ossuary |    852 |    852 |      0 |    384 |     28 |   1 |  852.0 |
        Wizlab |    575 |    575 |      0 |    129 |      0 |   1 |  575.0 |
               +--------+--------+--------+--------+--------+-----+--------+

Top non-repeatable levels by time:
Depths:3: 4508 daAuts
   Zot:4: 4289 daAuts
Depths:1: 3821 daAuts
Vaults:2: 3313 daAuts
   Zot:5: 2868 daAuts
Depths:4: 2837 daAuts
Vaults:4: 2655 daAuts
 Crypt:1: 2632 daAuts
Vaults:1: 2453 daAuts
Vaults:5: 2452 daAuts
     D:8: 2417 daAuts
  Lair:4: 2254 daAuts
Vaults:3: 2242 daAuts
     D:2: 2231 daAuts
     D:1: 2142 daAuts
